 Dungeon Crawl Stone Soup version 0.32-a0-791-gfc315c9ecd (webtiles) character file.

Game seed: 4846901624584437245

39 Xavori the Trooper (level 3, 30/30 HPs)
             Began as a Djinni Chaos Knight on Mar 21, 2024.
             Was a Plaything of Xom.
             Quit the game on level 1 of the Dungeon.
             The game lasted 00:01:30 (9614 turns).

Xavori the Trooper (Djinni Chaos Knight)            Turns: 9614, Time: 00:01:31

Health: 30/30      AC:  5    Str: 10 (11) XL:     3   Next: 70%
Gold:   67         EV: 11    Int: 13      God:    Xom [*.....] SH:  0 Dex: 14

rFire   + + +        a - +0 falchion (chaos)
rCold   x . .        (no shield)
rNeg    . . .        b - +2 leather armour
rPois   ∞            (no helmet)
rElec   .            (no cloak)
rCorr   .            (no gloves)
SInv    .            (boots unavailable)
Will    .....        (no amulet)
Stlth   +            (no ring)
HPRegen 0.25/turn    (no ring)
MPRegen 0.00/turn

%: no passive effects
@: flying
A: sickness immunity, fire resistance 3, cold vulnerability 1, float, innate
caster, HP casting, extra vitality 1, MP-powered wands, persistent drain
a: Renounce Religion


You were on level 1 of the Dungeon.
You worshipped Xom.
You were a special plaything of Xom.
You visited 1 branch of the dungeon, and saw 2 of its levels.

You collected 67 gold pieces.

Inventory:

Hand Weapons
 a - a +0 falchion of chaos (weapon)
Armour
 b - a +2 leather armour (worn)
Scrolls
 c - a scroll of butterflies
 e - a scroll of fear {unknown}
 g - a scroll of enchant armour {unknown}
 h - a scroll of amnesia {unknown}
 i - 2 scrolls of identify {unknown}
Potions
 d - a potion of might {unknown}
 f - a potion of heal wounds {unknown}
 j - a potion of attraction {unknown}


   Skills:
 + Level 3.2 Fighting
 + Level 2.9 Long Blades
 + Level 1.5 Armour
 + Level 2.5 Dodging
 * Level 1.2 Spellcasting
 * Level 1.2 Conjurations
 * Level 1.2 Hexes
   Level 0.0 Charms
 * Level 1.2 Summonings
 * Level 1.2 Necromancy
 * Level 1.2 Translocations
   Level 0.0 Transmutations
 * Level 1.2 Fire Magic
 * Level 1.2 Ice Magic
 * Level 1.2 Air Magic
 * Level 1.2 Earth Magic
 * Level 1.2 Alchemy


You knew the following spells:

 Your Spells              Type           Power      Damage    Failure   Level
a - Apportation           Tloc           6%         N/A       22%         1
Your spell library was empty.

Dungeon Overview and Level Annotations

Branches:
Dungeon (2/15)

Altars:


Innate Abilities, Weirdness & Mutations

You are immune to sickness and miasma.
You are immune to poison.
Your flesh is almost immune to the effects of heat. (rF+++)
You are vulnerable to cold. (rC-)
You float through the air rather than walking.
You learn spells naturally, not from books.
Your magical power is your life essence.
You have superior vitality. (+4 MHP)
You expend health (3 HP) to strengthen your wands.
Your health recovers twice as slowly from being drained.


Message History

Done waiting.
You start waiting.
Done waiting.
You start waiting.
Xom's power brushes against you for a moment.
Your body is suffused with distortional energy.
You begin to recover more slowly from draining effects.
You feel clumsy.
You regain control of your magic.
You feel genetically stable.
You start waiting.
Xom's power brushes against you for a moment.
Your body is suffused with distortional energy.
You feel genetically unstable.
You start waiting.
Done waiting.
You start waiting.
Done waiting.
You start waiting.
Done waiting.
You start waiting.
Done waiting.
You start waiting.
Done waiting.
You start waiting. "You have displeased me, mortal."
Your body is wracked with pain!
You start resting.
You start resting.
HP restored.
You start waiting.
You start waiting.
Xom is getting BORED.
You start waiting.
Xom is getting BORED.
You start waiting.
You are now a BORING thing.
You start waiting.
You are now a special plaything of Xom.
You start waiting.
Done waiting.
Are you sure you want to abandon this character and quit the game? (Confirm with "yes".)

#........# ###.....#
#........# #.......#
#........#######.......#
#........##...##....####
#........##.#.##....#
.........##.........#
##'########.#.#######
.#.# #....#.#########
.#'#####.##.#.##@÷....#
...†.....#....##÷.....#
.........#..####......#
.........#.....#......#
.........#............#
.####.########.##'#####
....#..........##.#
###.#.###...÷####.#
........'.......#.#


There were no monsters in sight!

Vanquished Creatures
  A dart slug (D:2)
  3 ball pythons
  4 bats
  3 endoplasms
  2 giant cockroaches (D:1)
  A goblin (D:1)
  7 hobgoblins
  3 jackals
  A quokka (D:1)
  2 frilled lizards (D:1)
  3 kobolds
  2 rats (D:1)
32 creatures vanquished.

Notes
Turn   | Place    | Note
-------+----------+-------------------------------------------
     0 | D:1      | Xavori the Djinni Chaos Knight began the quest for the Orb.
     0 | D:1      | Reached XP level 1. HP: 20/20 MP: 0/0
   242 | D:1      | Reached XP level 2. HP: 5/25 MP: 0/0
   358 | D:1      | XOM: cloud trail
   461 | D:1      | XOM: god gift: ring mail {god gift}
   635 | D:1      | Found a faded altar of an unknown god.
   742 | D:1      | Reached XP level 3. HP: 30/30 MP: 0/0
   742 | D:1      | Learned a level 1 spell: Apportation
   767 | D:1      | XOM: give mutation
   767 | D:1      | Gained mutation: Your flesh is almost immune to the effects
                  | of heat. (rF+++) [Xom's grace]
  1002 | D:1      | Reached skill level 1 in Spellcasting
  1002 | D:1      | Reached skill level 1 in Conjurations
  1002 | D:1      | Reached skill level 1 in Hexes
  1002 | D:1      | Reached skill level 1 in Summonings
  1002 | D:1      | Reached skill level 1 in Necromancy
  1002 | D:1      | Reached skill level 1 in Translocations
  1002 | D:1      | Reached skill level 1 in Fire Magic
  1002 | D:1      | Reached skill level 1 in Ice Magic
  1002 | D:1      | Reached skill level 1 in Air Magic
  1002 | D:1      | Reached skill level 1 in Earth Magic
  1002 | D:1      | Reached skill level 1 in Alchemy
  1494 | D:1      | XOM: cloud trail
  1829 | D:1      | XOM: cloud trail
  1947 | D:1      | XOM: cloud trail
  2109 | D:1      | XOM: divination: magic mapping
  2444 | D:1      | XOM: summons 1 hostile demon
  2504 | D:2      | XOM: noise
  4754 | D:1      | XOM: summons 2 hostile demons
  4860 | D:1      | XOM: give mutations
  4860 | D:1      | Gained mutation: You expend health (3 HP) to strengthen
                  | your wands. [Xom's mischief]
  4860 | D:1      | Gained mutation: You have a beak for a mouth. [Xom's
                  | mischief]
  4860 | D:1      | Lost mutation: You have a beak for a mouth. [Xom's
                  | mischief]
  5410 | D:1      | XOM: summons 3 hostile shadow creatures
  5525 | D:1      | XOM: torment (16/30 hp)
  7143 | D:1      | XOM is BORED!
  7244 | D:1      | XOM: summons 3 hostile shadow creatures
  7391 | D:1      | XOM: god gift: stone
  7457 | D:1      | XOM: cloud trail
  7592 | D:1      | XOM: give mutations
  7592 | D:1      | Gained mutation: Your spells are a little harder to cast,
                  | but a little more powerful. [Xom's grace]
  7592 | D:1      | Gained mutation: You are agile. (Dex +4, Str/Int -1) [Xom's
                  | grace]
  7965 | D:1      | XOM: cloud trail
  8051 | D:1      | XOM: silly message
  8053 | D:1      | XOM: stat loss: -1 Str (9/10)
  8412 | D:1      | XOM: noise
  8794 | D:1      | XOM: give mutations
  8794 | D:1      | Gained mutation: Your health recovers twice as slowly from
                  | being drained. [Xom's mischief]
  8794 | D:1      | Lost mutation: You are agile. (Dex +4, Str/Int -1) [Xom's
                  | mischief]
  8794 | D:1      | Lost mutation: Your spells are a little harder to cast, but
                  | a little more powerful. [Xom's mischief]
  8794 | D:1      | Gained mutation: You are somewhat resistant to further
                  | mutation. [Xom's mischief]
  8799 | D:1      | XOM: give mutation
  8799 | D:1      | Lost mutation: You are somewhat resistant to further
                  | mutation. [Xom's mischief]
  9337 | D:1      | XOM: torment (16/30 hp)
  9513 | D:1      | XOM is BORED!
  9614 | D:1      | Quit the game

Illustrated notes

Levels and vault maps discovered:
D:1:      dpeg_arrival_more_subterranean_lakeside_camping, layout_basic,
          ebering_ecumenical_altar_abandoned, minmay_pentomino_s2
D:2:      layout_rooms, basic_altar

Skill      XL: |  1  2  3 |
---------------+----------+-----
Spellcasting   | 1 |  1.2
Conjurations   | 1 |  1.2
Hexes          | 1 |  1.2
Summonings     | 1 |  1.2
Necromancy     | 1 |  1.2
Translocations | 1 |  1.2
Fire Magic     | 1 |  1.2
Ice Magic      | 1 |  1.2
Air Magic      | 1 |  1.2
Earth Magic    | 1 |  1.2
Alchemy        | 1 |  1.2
Fighting       | |  3.2
Long Blades    | |  2.9
Armour         | |  1.5
Dodging        | |  2.5

Action                     || total
---------------------------++-------
  Melee: Falchion          ||    97
   Stab: Sleeping          ||     1
 Armour: Leather armour    ||   105
  Dodge: Dodged            ||    85

Table legend: (Time is in decaauts)
 A = Elapsed time spent in this place.
 B = Non-inter-level travel time spent in this place.
 C = Inter-level travel time spent in this place.
 D = Time resting spent in this place.
 E = Time spent auto-exploring this place.
 F = Levels seen in this place.
 G = Mean time per level.
                   A        B        C        D        E       F      G
               +--------+--------+--------+--------+--------+-----+--------+
         Total |   9634 |   9589 |     45 |   8534 |    819 |   2 | 4817.0 |
       Dungeon |   9634 |   9589 |     45 |   8534 |    819 |   2 | 4817.0 |
               +--------+--------+--------+--------+--------+-----+--------+

Top non-repeatable levels by time:
     D:1: 9403 daAuts
     D:2: 230 daAuts
